 Dungeon Crawl Stone Soup version 0.30-a0-218-gedb9141078 (webtiles) character file.

Game seed: 12783194140982872216

10677 Decritt the Nimble (level 11, -2/92 HPs)
             Began as a Merfolk Gladiator on Oct 5, 2022.
             Was a Believer of Uskayaw.
             Slain by Snorg (14 damage)
             ... on level 10 of the Dungeon.
             The game lasted 00:30:12 (9839 turns).

Decritt the Nimble (Merfolk Gladiator)              Turns: 9839, Time: 00:30:13

Health: -2/92      AC: 24    Str: 15    XL:     11   Next: 65%
Magic:  11/14      EV: 13    Int:  8    God:    Uskayaw [**....]
Gold:   170        SH:  0    Dex: 22    Spells: 10/10 levels left

rFire   + . .      SeeInvis .    M - +1 scimitar (protect)
rCold   + + +      Faith    .    (no shield)
rNeg    . . .      Spirit   .    I - +1 chain mail {rC+}
rPois   +          Reflect  .    h - +1 helmet
rElec   .          Harm     .    R - +2 cloak
rCorr   .          Rampage  .    Q - +0 pair of gloves {Stlth+}
Will    +....                    (no boots)
Stlth   ..........               (no amulet)
HPRegen 0.35/turn                x - ring of the Chupacabra {rPois rF+ rC+ Will+ Dex+3}
MPRegen 0.14/turn                P - ring of protection from cold

@: about to teleport, under a protective aura
A: (nimble swimmer 2), mertail
a: Renounce Religion, Stomp, Line Pass


You were on level 10 of the Dungeon.
You worshipped Uskayaw.
Uskayaw was noncommittal.
You visited 2 branches of the dungeon, and saw 11 of its levels.

You collected 620 gold pieces.
You spent 450 gold pieces at shops.

Inventory:

Hand Weapons
 a - a +0 long sword
 q - the +4 war axe "Impslayer" {vorpal, rF+ Str-2 Dex+5}
   (You found it on level 3 of the Dungeon)

   It inflicts extra damage upon your enemies.
   Str:       It affects your strength (-2).
   Dex:       It affects your dexterity (+5).
   rF:        It protects you from fire.
 u - the +7 mace of Variability {chain chaos}
   (You found it on level 9 of the Dungeon)

   Each time it hits an enemy it has a different, random effect.
   It occasionally unleashes arcs of chaos on nearby creatures upon striking a
   foe.
 z - a +3 great sword
 M - a +1 scimitar of protection (weapon)
 O - a +1 falchion of holy wrath
Missiles
 d - 4 throwing nets (quivered)
 e - 5 javelins
 C - 4 boomerangs of dispersal
Armour
 h - a +1 helmet (worn)
 I - a +1 chain mail of cold resistance (worn)
 Q - a +0 pair of gloves of stealth (worn)
 R - a +2 cloak (worn)
Jewellery
 l - a ring of poison resistance
 x - the ring of the Chupacabra (left hand) {rPois rF+ rC+ Will+ Dex+3}
   (You found it on level 4 of the Dungeon)

   [ring of willpower]

   Dex:       It affects your dexterity (+3).
   rF:        It protects you from fire.
   rC:        It protects you from cold.
   rPois:     It protects you from poison.
   Will:      It increases your willpower.
 P - a ring of protection from cold (right hand)
Wands
 b - a wand of acid (10)
 t - a wand of flame (1)
 v - a wand of charming (13)
 A - a wand of mindburst (10)
Scrolls
 j - a scroll of magic mapping {unknown}
 k - 2 scrolls of vulnerability
 m - a scroll of butterflies
 n - 2 scrolls of enchant weapon {unknown}
 p - 2 scrolls of noise {unknown}
 r - 2 scrolls of identify
 s - 2 scrolls of blinking
 w - 4 scrolls of teleportation
 y - a scroll of poison {unknown}
 B - a scroll of amnesia {unknown}
 D - a scroll of acquirement {unknown}
 G - a scroll of brand weapon {unknown}
 H - a scroll of immolation {unknown}
Potions
 c - 2 potions of curing {unknown}
 f - a potion of heal wounds
 g - a potion of brilliance {unknown}
 i - a potion of resistance
 o - 2 potions of attraction
 E - a potion of ambrosia
 F - 2 potions of invisibility
 J - 3 potions of lignification {unknown}
 K - a potion of berserk rage {unknown}
 L - 2 potions of haste {unknown}
 N - 3 potions of mutation {unknown}


   Skills:
 * Level 10.9 Fighting
 - Level 3.0(7.1) Short Blades
 * Level 10.1(10.3) Long Blades
 - Level 2.0 Throwing
 * Level 5.9 Armour
 + Level 12.2 Dodging
 * Level 5.2 Invocations


You had 10 spell levels left.
You didn't know any spells.
Your spell library contained the following spells:

 Spells                   Type           Power      Damage    Failure   Level
 Magic Dart               Conj           0%         1d3       100%        1
 Necrotise                Necr           0%         1d4       100%        1
 Sting                    Tmut/Pois      0%         1d3       100%        1
 Blink                    Tloc           0%         N/A       100%        2
 Cigotuvi's Dreadful Rot  Necr/Pois/Air  0%         N/A       100%        2
 Poisonous Vapours        Pois/Air       0%         N/A       100%        2
 Static Discharge         Conj/Air       0%         2-2/arc   100%        2
 Sublimation of Blood     Necr           0%         N/A       100%        2
 Gell's Gravitas          Tloc           0%         N/A       100%        3
 Lesser Beckoning         Tloc           0%         N/A       100%        3
 Mephitic Cloud           Conj/Pois/Air  0%         N/A       100%        3
 Summon Guardian Golem    Hex/Summ       0%         N/A       100%        3
 Teleport Other           Tloc           0%         N/A       100%        3
 Vhi's Electric Charge    Tloc/Air       0%         N/A       100%        3
 Manifold Assault         Tloc           0%         N/A       100%        4
 Petrify                  Tmut/Erth      0%         N/A       100%        4
 Arcjolt                  Conj/Air       0%         1d10      100%        5
 Irradiate                Conj/Tmut      0%         3d11      100%        5
 Lightning Bolt           Conj/Air       0%         1d11      100%        5
 Dispersal                Tloc           0%         N/A       100%        6
 Orb of Destruction       Conj           0%         9d5       100%        7
 Spellforged Servitor     Conj/Summ      0%         N/A       100%        7
 Storm Form               Tmut/Air       0%         N/A       100%        7
 Disjunction              Tloc           0%         N/A       100%        8


Dungeon Overview and Level Annotations

Branches:
Dungeon (10/15)            Temple (1/1) D:5            Lair (0/5) D:9
    Orc: D:9-12

Altars:
Ashenzari
Cheibriados
Dithmenos
Elyvilon
Fedhas
Gozag
Hepliaklqana
Kikubaaqudgha
Makhleb
Nemelex Xobeh
Qazlal
Ru
Sif Muna
Trog
Uskayaw
Vehumet
Wu Jian
Xom
Yredelemnul
Zin
The Shining One

Shops:
D:5 :*   D:9 [

Annotations:
D:10 Snorg


Innate Abilities, Weirdness & Mutations

((You are very nimble when in or above water. (Stealth+, EV+, Speed+++)))
Your lower body shifts to a powerful aquatic tail in water.


Message History

Snorg misses you. Snorg claws you. Snorg claws you but does no damage.
You slice the orc priest!!
You kill the orc priest!
Snorg seems less confused.
Snorg bites you! Snorg claws you. Snorg claws you but does no damage.
An orc wizard comes into view. It is wielding a +0 dagger.
You barely miss Snorg. Snorg bites you but does no damage.
Snorg barely misses you. Snorg claws you!
The orc wizard hits you but does no damage.
Snorg bites you! Snorg completely misses you. Snorg barely misses you.
Snorg bites you.
* * * LOW HITPOINT WARNING * * *
Snorg claws you but does no damage. Snorg claws you!
* * * LOW HITPOINT WARNING * * *
You slash Snorg!
Snorg is lightly wounded.
Snorg bites you but does no damage. Snorg misses you. Snorg claws you.
* * * LOW HITPOINT WARNING * * *
You can now pass through a line of other dancers.
Okay, then.
As you read the scroll of teleportation, it crumbles to dust.
You feel strangely unstable. Snorg bites you but does no damage.
Snorg claws you but does no damage. Snorg closely misses you. Snorg bites you.
* * * LOW HITPOINT WARNING * * *
Snorg claws you but does no damage. Snorg claws you.
* * * LOW HITPOINT WARNING * * *
You closely miss Snorg.
Snorg is lightly wounded.
Snorg barely misses you. x2; Snorg claws you but does no damage.
The orc wizard casts a spell.
The orc wizard flickers and vanishes!
Deactivating autopickup; reactivate with Ctrl-A.
You slash Snorg!
Snorg is lightly wounded.
Snorg bites you!!
* * * LOW HITPOINT WARNING * * *
Snorg completely misses you. Snorg misses you. Snorg attacks as you move away!
Snorg barely misses you.
Snorg claws you but does no damage. x2; Snorg bites you!
You die...

>...#..'..........
....####..........
....# ###.#######
....# #.# #...# #.##
##..# #..# #..#
###.####### #.##
#.#.#.#T#.# #.#
#.#.#.#@# ##.#
#.#)#.#.#.# #..#
#.#.#T#.#.#.. ...#
..#.#o#.#.#.###
..+...##.#.#.#.#.#.#
..###...#.#.# #.#.##
..# ###.#.# #.#.#
### #.#.# #.## ##.#
#.


You could see Snorg (berserk).

Vanquished Creatures
  3 two-headed ogres
  Psyche (D:9)
  3 unseen horror zombies (D:9)
  A troll (D:6)
  A shadow (D:9)
  14 yaks
  2 steam dragons
  2 chaos spawn (D:9)
  An acid dragon (D:10)
  5 water moccasins
  Duvessa (D:6)
  4 sky beasts
  2 orc warriors
  2 ice beasts
  2 ogres (D:6)
  3 black bears
  3 centaurs
  2 phantoms (D:5)
  Blork the orc (D:5)
  A kobold brigand (D:9)
  2 necrophages
  4 bullfrogs
  A gnoll sergeant (D:7)
  4 scorpions
  Dowan (D:6)
  10 wights
  10 killer bees
  5 howler monkeys
  A centaur zombie (D:9)
  A crimson imp (D:3)
  A human zombie (D:9)
  A hound (D:5)
  3 jellies
  3 orc priests
  A gnoll bouda (D:4)
  2 iguanas (D:7)
  5 orc wizards
  Terence (D:2)
  2 mummies (D:9)
  7 gnolls
  10 adders
  3 white imps
  2 ufetubi (D:4)
  3 dart slugs
  18 orcs
  6 bats
  6 endoplasms
  6 giant cockroaches
  5 hobgoblins
  4 jackals
  6 kobolds
  4 quokkas
  9 ball pythons
  3 frilled lizards
  4 goblins
  4 rats
212 creatures vanquished.

Vanquished Creatures (others)
  59 fungi (D:9)
  57 plants (D:9)
116 creatures vanquished.

Grand Total: 328 creatures vanquished

Notes
Turn   | Place    | Note
-------+----------+-------------------------------------------
     0 | D:1      | Decritt the Merfolk Gladiator began the quest for the Orb.
     0 | D:1      | Reached XP level 1. HP: 16/16 MP: 1/1
    95 | D:1      | Reached XP level 2. HP: 22/23 MP: 2/2
   172 | D:1      | Reached skill level 1 in Short Blades
   490 | D:2      | Reached XP level 3. HP: 28/28 MP: 3/3
   515 | D:2      | Noticed Terence
   516 | D:2      | You fall into a shaft and drop 1 floor!
   649 | D:2      | Killed Terence
   650 | D:2      | Reached XP level 4. HP: 35/35 MP: 4/4
   822 | D:2      | Reached skill level 5 in Dodging
  1310 | D:3      | Identified the +4 war axe "Impslayer" {vorpal, rF+ Str-2
                  | Dex+5}
  1322 | D:3      | Reached XP level 5. HP: 39/41 MP: 5/5
  1524 | D:3      | Found a burning altar of Makhleb.
  1525 | D:3      | Found a radiant altar of Vehumet.
  1528 | D:3      | Reached skill level 1 in Armour
  1549 | D:3      | Found a bloodstained altar of Trog.
  1885 | D:4      | Reached XP level 6. HP: 48/48 MP: 6/6
  2070 | D:4      | Reached skill level 6 in Dodging
  2071 | D:4      | Identified the ring of the Chupacabra {rPois rF+ rC+ Will+
                  | Dex+3}
  2358 | D:4      | Reached XP level 7. HP: 11/51 MP: 7/7
  2783 | D:5      | Entered Level 5 of the Dungeon
  2812 | D:5      | Found a white marble altar of Elyvilon.
  2860 | D:5      | Reached skill level 5 in Fighting
  2870 | D:5      | Reached skill level 7 in Dodging
  2942 | D:5      | Found Doeso's Book Boutique.
  2950 | D:5      | Noticed Blork the orc
  2959 | D:5      | Killed Blork the orc
  2967 | D:5      | Reached XP level 8. HP: 44/64 MP: 8/8
  3063 | D:5      | Found a staircase to the Ecumenical Temple.
  3082 | D:5      | Reached skill level 5 in Long Blades
  3087 | D:5      | Reached skill level 8 in Dodging
  3110 | Temple   | Entered the Ecumenical Temple
  3599 | D:5      | Found Giav's Goods Gallery.
  4141 | D:6      | Reached skill level 9 in Dodging
  4197 | D:6      | Reached XP level 9. HP: 61/72 MP: 9/9
  4380 | D:6      | Noticed a troll
  4387 | D:6      | Killed a troll
  4388 | D:6      | Reached skill level 10 in Dodging
  4677 | D:6      | Got Tejija Wiuf's Starting Incantation
  5012 | D:6      | Noticed Dowan
  5012 | D:6      | Noticed Duvessa
  5018 | D:6      | Killed Dowan
  5023 | D:6      | Killed Duvessa
  5972 | D:7      | Reached skill level 11 in Dodging
  5972 | D:7      | Reached XP level 10. HP: 74/82 MP: 10/10
  6203 | D:8      | Found a shadowy altar of Dithmenos.
  6237 | D:8      | Found a hide-covered altar of Uskayaw.
  6365 | D:8      | Became a worshipper of Uskayaw the Reveller
  6433 | D:8      | Reached * piety under Uskayaw
  6442 | D:8      | Reached ** piety under Uskayaw
  6446 | D:8      | Reached *** piety under Uskayaw
  6447 | D:8      | Reached **** piety under Uskayaw
  6584 | D:8      | Noticed a two-headed ogre
  6600 | D:8      | Killed a two-headed ogre
  6601 | D:8      | Reached skill level 1 in Invocations
  6898 | D:8      | Noticed a cyclops
  6899 | D:8      | Noticed a boulder beetle
  7308 | D:8      | Found an opulent altar of Gozag.
  7558 | D:9      | Found a shimmering blue altar of Sif Muna.
  7573 | D:9      | Found a stormy altar of Qazlal.
  7578 | D:9      | Found a hazy altar of Hepliaklqana.
  7604 | D:9      | Noticed a two-headed ogre
  7616 | D:9      | Killed a two-headed ogre
  7617 | D:9      | Reached skill level 10 in Fighting
  7617 | D:9      | Reached skill level 5 in Armour
  7692 | D:9      | Found a shimmering altar of Xom.
  7865 | D:9      | Found the +7 mace of Variability {chain chaos}
  7885 | D:9      | Reached XP level 11. HP: 90/91 MP: 13/13
  7982 | D:9      | Noticed a two-headed ogre
  7991 | D:9      | Reached ***** piety under Uskayaw
  8201 | D:9      | Killed a two-headed ogre
  8462 | D:9      | Reached skill level 12 in Dodging
  8567 | D:9      | Found a staircase to the Lair.
  8612 | D:9      | Noticed Psyche
  8629 | D:9      | Killed Psyche
  9068 | D:9      | Reached skill level 5 in Invocations
  9124 | D:9      | Reached skill level 10 in Long Blades
  9160 | D:9      | Found an ancient bone altar of Kikubaaqudgha.
  9182 | D:9      | Found Ymoagoycs's Antique Armour Emporium.
  9185 | D:9      | Bought a pair of runed gloves for 225 gold pieces
  9185 | D:9      | Bought an embroidered cloak for 225 gold pieces
  9430 | D:9      | Found a shimmering altar of Xom.
  9433 | D:9      | Found a glowing golden altar of the Shining One.
  9528 | D:10     | Entered Level 10 of the Dungeon
  9757 | D:10     | Found an ornate altar of the Wu Jian Council.
  9825 | D:10     | Noticed Snorg
  9839 | D:10     | Slain by Snorg

Illustrated notes

Levels and vault maps discovered:
D:1:      spicycebolla_green_bress_n_ham, layout_basic,
          minmay_stone_trees_medium
D:2:      layout_rooms, chequers_serial_rivers_large_a, columned_hall_lemuel,
          uniq_terence
D:3:      layout_loops_cross, grunt_temple_overflow_lords_of_destruction,
          mainiacjoe_overflow_chevrons, grunt_decor_clamped
D:4:      layout_loops_ring
D:5:      layout_basic, mainiacjoe_overflow_boulevard, temple_pool_b,
          serial_shops, nicolae_diamond_shop, nicolae_alphabet_shops,
          uniq_blork_the_orc
D:6:      layout_basic, uniq_duvessa
D:7:      layout_basic
D:8:      layout_loops_cross, nicolae_gozag_cash_rules_everything_around_me,
          mainiacjoe_overflow_catwalk, lemuel_round_altar,
          lightli_corner_chamber
D:9:      layout_basic, mainiacjoe_overflow_brackets,
          lemuel_mausoleum_altar_kikubaaqudgha, nicolae_overflow_hidden_temple,
          due_lair_maze_entry_diamond, serial_shops, kennysheep_mini_moat,
          minmay_guarded_unrand_variability, uniq_psyche
D:10:     layout_roguey, nicolae_wu_jian_glorious_leap, minivault_23,
          minmay_fire_ice_demons, uniq_fannar, uniq_urug, uniq_snorg
Temple:   hellmonk_temple_beads

Skill      XL: |  1  2  3  4  5  6  7  8  9 10 11 |
---------------+----------------------------------+-----
Short Blades   | 1 2 3 |  3.0
Fighting       | 3 4 5 7 8 10 | 10.9
Dodging        | 5 6 7 9 11 12 | 12.2
Armour         | 1 2 3 5 |  5.9
Long Blades    | 4 6 7 9 10 | 10.1
Invocations    | 3 5 |  5.2
Throwing       | |  2.0

Action                   |  1- 3 |  4- 6 |  7- 9 | 10-12 || total
-------------------------+-------+-------+-------+-------++-------
Melee: Long sword        |    44 |    68 |       |       ||   112
       Punch             |       |     3 |       |     6 ||     9
       War axe           |       |    62 |       |       ||    62
       Great sword       |       |     4 |   205 |       ||   209
       Scimitar          |       |       |    42 |   332 ||   374
       Falchion          |       |       |       |    21 ||    21
       Tailslap          |       |       |       |     5 ||     5
       Great mace        |       |       |       |    20 ||    20
Throw: Boomerang         |    10 |    19 |       |       ||    29
Invok: Stomp             |       |       |       |     5 ||     5
       Line Pass         |       |       |       |     8 ||     8
Evoke: Wand              |       |       |     6 |       ||     6
  Use: Scroll            |       |       |     8 |     2 ||    10
       Potion            |       |       |       |     1 ||     1
 Stab: Sleeping          |     1 |     3 |       |       ||     4
       Paralysed         |       |       |       |    15 ||    15
       Confused          |       |       |       |     1 ||     1
Armor: Leather armour    |    20 |    33 |       |       ||    53
       Ring mail         |       |    18 |    25 |       ||    43
       Chain mail        |       |       |   151 |   257 ||   408
Dodge: Dodged            |    36 |   127 |   185 |   300 ||   648

Table legend: (Time is in decaauts)
 A = Elapsed time spent in this place.
 B = Non-inter-level travel time spent in this place.
 C = Inter-level travel time spent in this place.
 D = Time resting spent in this place.
 E = Time spent auto-exploring this place.
 F = Levels seen in this place.
 G = Mean time per level.
                   A        B        C        D        E       F      G
               +--------+--------+--------+--------+--------+-----+--------+
         Total |   9934 |   9698 |    236 |   2046 |   5531 |  11 |  903.1 |
       Dungeon |   9795 |   9559 |    236 |   2017 |   5523 |  10 |  979.5 |
        Temple |    139 |    139 |      0 |     29 |      8 |   1 |  139.0 |
               +--------+--------+--------+--------+--------+-----+--------+

Top non-repeatable levels by time:
     D:9: 1768 daAuts
     D:8: 1541 daAuts
     D:5: 1181 daAuts
     D:7: 1110 daAuts
     D:6: 1061 daAuts
     D:4: 931 daAuts
     D:3: 749 daAuts
     D:2: 655 daAuts
     D:1: 490 daAuts
    D:10: 303 daAuts
  Temple: 139 daAuts
